cohdb
Replays
Latest Replays
All Replays
Popular Replays
Top Player Replays
Match Explorer
How It Works
Community
CoH3 Stats
Reddit
Sign in to upload your games and track your stats! →
Sign in with Steam
Match 42034942
Unlisted
Match 42034942
Overview
Messages
Build Orders
End
Kettenkrad Recon Vehicle
Construct Infanterie Kompanie
MG 42 Machine Gun Team
Selects Luftwaffe Battlegroup
Selects Luftwaffe Pioneer Support
Grenadier Squad
Grenadier Squad
Medical Station
Construct Luftwaffe Kompanie
221 Scout Car
Pioneer Squad
GrW 34 Mortar Team
Grenadier Squad
Pioneer Squad
Support Elements
Selects Stuka Strafing Run
Selects Fallschirmjäger Squad Paradrop
Selects Fragmentation Bombs
Selects Flak 38 Anti-Air Emplacement
Fallschirmjäger Squad Paradrop
Stuka Strafing Run
Pioneer Squad
Wirbelwind Flakpanzer
Grenadier Squad
Gracie Barra
WadoVice
0
0
Comments
sign in to comment!
No comments posted yet!